Cogmind - Beta 17.1 @@@ ROGUE MODE // 2026.09.24 @ 14:52:45 Player: Miniluz Result: Destroyed by as-35092 with Assembled Maul Performance ------------- Evolutions (0) 0 Regions Visited (0) 0 Robots Destroyed (4) 20 Value Destroyed (27) 27 Prototype IDs (0) 0 Alien Tech Used (0) 0 Bonus (0) 0 TOTAL SCORE: 47 Bonus ------- None Cogmind --------- Core Integrity 0/250 Matter 300/300 Energy 96/100 System Corruption 7% Temperature Cool (22) Movement Core (100) Ox1 Location -11/Scrapyard Parts ------- > --- POWER (1) -------- (None) > --- PROPULSION (2) --- (None) > --- UTILITY (2) ------ Small Storage Unit > --- WEAPON (2) ------- (None) > --- INVENTORY (8) ---- Compact Wheel Improved Terrain Scanner Mining Laser Peak State ------------ > --- POWER ------------ Ion Engine > --- PROPULSION ------- Light Treads Light Treads > --- UTILITY ---------- Small Storage Unit Improved Terrain Scanner > --- WEAPON ----------- EM Pulse Gun Light Assault Rifle > --- INVENTORY -------- Ion Engine Compact Wheel EM Pulse Gun [Rating: 9] Favorites ----------- Power Ion Engine Engine Ion Engine Propulsion Light Treads Treads Light Treads Utility Small Storage Unit Device Seismic Detector Storage Small Storage Unit Weapon Light Assault Rifle Energy Gun EM Pulse Gun Ballistic Gun Light Assault Rifle Build | -11 ------- Run | Yrd Slots Evolved . | . Power . | . Propulsion . | . Utility . | . Weapon . | . Parts Attached 10 | 10 Power 2 | 2 Engine 2 | 2 Core . | . Reactor . | . Propulsion 2 | 2 Treads 2 | 2 Leg . | . Wheel . | . Hover . | . Flight . | . Utility 3 | 3 Device 2 | 2 Storage 1 | 1 Processor . | . Hackware . | . Protection . | . Artifact . | . Weapon 3 | 3 Energy Gun 2 | 2 Energy Cannon . | . Ballistic Gun 1 | 1 Ballistic Cannon . | . Launcher . | . Special Weapon . | . Impact Weapon . | . Slashing Weapon . | . Piercing Weapon . | . Special Melee Weapon . | . Unidentified Prototypes . | . Parts Lost 8 | 8 Power 2 | 2 Propulsion 2 | 2 Utility 1 | 1 Weapon 3 | 3 Highest Loss Streak 8 | 8 To Critical Strikes . | . Average Backups 4 | 4 Power . | . Propulsion . | . Utility . | . Weapon 1 | 1 Tool/Special . | . Unused Backups 2 | 2 Power . | . Propulsion 1 | 1 Utility . | . Weapon 1 | 1 Tool/Special . | . Average Slot Usage (%) . | . Peak Build Rating 9 | 9 Average Rating 6 | 6 On Entrance . | . Avg Prop Armor Cover (%) . | . Naked Turns . | . Heaviest Build 14 | 14 Greatest Support 40 | 40 Greatest Overweight (x) . | . Average Overweight (x) . | . Largest Inventory Capacity 8 | 8 Average Capacity 7 | 7 Most Carried 5 | 5 Average Carried 4 | 4 Final Capacity 8 | 8 Final Carried 3 | 3 Class Distribution -------------------- None Dominant Class ---------------- None Resources | -11 ----------- Run | Yrd Matter Collected 293 | 293 Remotely . | . Salvage Created 153 | 153 Parts 9 | 9 Haulers Intercepted . | . Recyclers Shooed . | . Parts Field Recycled . | . Retrieved Matter . | . Parts Self-Destructed . | . Prevented . | . Parts Restored . | . Kills | -11 ------- Run | Yrd Combat Hostiles Destroyed 1 | 1 Guns 1 | 1 Classes Destroyed 3 | 3 Tunneler 3 | 3 Recycler 1 | 1 Assembled 1 | 1 Best Kill Streak 2 | 2 Combat Bots Only 1 | 1 Max Kills in Single Turn 1 | 1 Gunslinging . | . Exploded . | . Melee . | . Uniques/NPCs Destroyed . | . Combat | -11 -------- Run | Yrd Hostile Shots Fired 58 | 58 Missed 21 | 21 Hits 37 | 37 Melee 7 | 7 Projectile 30 | 30 AOE 9 | 9 Part Disruptions 1 | 1 Damage Taken 897 | 897 Core 253 | 253 Absorbed by Shields . | . Core Remaining (%) . | . Volleys Fired 18 | 18 Largest 2 | 2 Hottest 60 | 60 Shots Fired 25 | 25 Gun 25 | 25 Cannon . | . Launcher . | . Special . | . Kinetic 18 | 18 Thermal . | . Explosive . | . Electromagnetic 7 | 7 Robot Hit Streak 4 | 4 Robot Miss Streak 2 | 2 Penetration Max . | . Secondary Targets 1 | 1 Max Gunslinging Chain 1 | 1 Shots Hit Robots 15 | 15 Core Hits 10 | 10 Critical Kills . | . Critical Parts Destroyed . | . Critical Strikes . | . Melee Attacks . | . Impact . | . Slashing . | . Piercing . | . Sneak Attacks . | . Combat Hostiles . | . Follow-up Attacks . | . Damage Inflicted 211 | 211 Guns 173 | 173 Cannons . | . Explosions 37 | 37 Melee . | . Ramming 1 | 1 Kinetic 80 | 80 Thermal 37 | 37 Explosive . | . Electromagnetic 93 | 93 Impact . | . Slashing . | . Piercing . | . Highest Corruption . | . Average Corruption . | . Corruption Purged . | . Corruption Blocked . | . Overload Shots . | . Overflow Damage . | . Projectiles . | . Explosions . | . Melee . | . Knockbacks . | . Impact . | . Kinetic . | . Secondary . | . Self-Inflicted Damage 17 | 17 Shots 1 | 1 Rammed 1 | 1 Targets Rammed 1 | 1 Kicked . | . Crushed . | . Highest Temperature 50 | 50 Average Temperature 22 | 22 Received Heat Transfer 100 | 100 Siege Activations . | . Martial Activations . | . Shielding Activations . | . Robots Disrupted . | . Combat Hostiles . | . Robots Corrupted . | . Combat Hostiles . | . Parts Fried . | . Impact Corruptions . | . Robots Melted . | . Combat Hostiles . | . Parts Melted . | . Heat Transferred 50 | 50 Parts Sabotaged . | . Parts Stolen . | . Parts Stripped . | . Power Chain Reactions 1 | 1 Alert | -11 ------- Run | Yrd Maximum Alert Level . | . Low Security (%) 100 | 100 Level 1 . | . Level 2 . | . Level 3 . | . Level 4 . | . Level 5 . | . High Security . | . Max Security . | . Peak Influence 5 | 5 Initial . | . Average . | . Influence Increases 20 | 20 Destroy 0b10 Robot/NC 20 | 20 Influence Decreases 20 | 20 Time Decay 20 | 20 Squads Dispatched . | . Investigation . | . Extermination . | . Reinforcement . | . Assault . | . Garrison . | . Intercept . | . Searches Triggered . | . Construction Impeded . | . Haulers Reinforced . | . Active Scanning Responses . | . Cargo Convoy Interrupts . | . Stealth | -11 --------- Run | Yrd Distress Signals . | . Communications Jammed . | . Distress Signals . | . Times Spotted 39 | 39 Peak Tracking Total 20 | 20 Tactical Retreats 1 | 1 Traps | -11 ------- Run | Yrd Traps Triggered . | . Indirectly . | . Trap Hack Attempts . | . Triggered . | . Disarmed . | . Reprogrammed . | . Reused . | . Traps Extracted . | . Installed . | . Triggered . | . Machines | -11 ---------- Run | Yrd Machines Disabled . | . Max in Single Turn . | . Machines Repaired . | . Machines Dismantled . | . Machines Sabotaged . | . Overloaded Fab Kills . | . Hacking | -11 --------- Run | Yrd Machines Accessed . | . Terminals . | . Fabricators . | . Repair Stations . | . Recycling Units . | . Scanalyzers . | . Garrison Access . | . Total Hacks . | . Successful . | . Failed . | . Catastrophic . | . Database Lockouts . | . Manual . | . Terminals . | . Fabricators . | . Repair Stations . | . Recycling Units . | . Scanalyzers . | . Garrison Access . | . Terminal Hacks . | . Fabricator Hacks . | . Repair Station Hacks . | . Recycling Unit Hacks . | . Scanalyzer . | . Garrison Access Hacks . | . Unauthorized Hacks . | . Terminals . | . Fabricators . | . Repair Stations . | . Recycling Units . | . Scanalyzers . | . Garrison Access . | . Data Cores Recovered . | . Used . | . Hacking Detections . | . Full Trace Events . | . Feedback Events . | . Feedback Blocked . | . Robot Schematics Acquired . | . Robots Built . | . Authchips . | . Time . | . Total Robot Build Rating . | . Part Schematics Acquired . | . Parts Built . | . Authchips . | . Time . | . Total Part Build Rating . | . Part Studies Acquired . | . Parts Repaired . | . Time . | . Parts Recycled . | . Recycled Matter . | . Retrieved Matter . | . Retrieved Components . | . Parts Scanalyzed . | . Part Schematics Acquired . | . Parts Damaged . | . Bothacking | -11 ------------ Run | Yrd Used RIF Installer . | . Robots Hacked . | . Non-combat . | . Combat . | . Robot Hacks Applied . | . Relay Couplers Released . | . Fabnet Peak Effective % . | . Robots Rewired . | . Allies Hacked . | . Hacks Repelled . | . Allies | -11 -------- Run | Yrd Total Allies . | . Largest Group . | . Highest-Rated Group . | . Highest-Rated Ally . | . Total Orders . | . Ally Attacks . | . Total Damage . | . Kills . | . Allies Corrupted . | . Allies Melted . | . Intel | -11 ------- Run | Yrd Active Infowar (turns) 1366 | 1366 Terrain 43 | 43 Seismic 1323 | 1323 Robot Analysis Total . | . Derelict Logs Recovered . | . Drone Launches . | . Drone Recoveries . | . Exploration | -11 ------------- Run | Yrd Turns Passed 1480 | 1480 Spaces Moved 395 | 395 Core 10 | 10 Treads 385 | 385 Legs . | . Wheels . | . Hover . | . Flight . | . Fastest Speed 50 | 50 Average Speed 157 | 157 Slowest Speed 160 | 160 Overloaded Moves . | . Propulsion Burnouts . | . Robots Hopped . | . Potential Cave-ins . | . Cave-ins Triggered . | . Exploration Rate (%) 25 | 25 Regions Visited . Branch Regions . Pre-discovered Areas . | . Known Exits Taken . | . Unknown Exits Taken . | . Scrap Searched . | . Spaces Dug . | . Terrain Destroyed . | . Melee . | . Projectile . | . AOE . | . Terrain Rammed . | . Walls Destroyed . | . Machines Disabled . | . Actions | -11 --------- Run | Yrd Total 1229 | 1229 Wait 800 | 800 Move 395 | 395 Hop . | . Pick Up 5 | 5 Fast Attach 7 | 7 Attach 2 | 2 Detach . | . Swap 1 | 1 Drop . | . Fire 18 | 18 Melee . | . Ram . | . Kick . | . Crush 1 | 1 Escape Stasis . | . Rewire . | . Trap . | . Miscellaneous . | . Route ------- -11/Scrapyard (discovered 1 exit: [*Mat]) History --------- Turn | Location | Event 5 | -11/Scrapyard | Discovered new exit (range 15) 1433 | -11/Scrapyard | Assembled infested the area 1467 | -11/Scrapyard | Core integrity fell below 50% 1479 | -11/Scrapyard | Core integrity fell below 20% 1481 | -11/Scrapyard | Destroyed by as-35092 with Assembled Maul Last Messages --------------- 01469_ Seismic Detector destroyed. Open spaces previously occupied by now-destroyed walls and earth have a slight glow to them. Consecutive moves through these unstable areas may cause a cave-in, but only if doing so for extended periods. Tunneling a short distance between rooms is safe unless the area was destabilized by an explosion. 01470_ as-32591 destroyed. 01472_ as-80157 destroyed. 01473_ The unstable cave ceiling collapses. 01474_ D-53 Grenadier destroyed. 01476_ EM Pulse Gun destroyed. 01476_ D-53 Grenadier destroyed. 01479_ Slammed into as-35092. 01480_ Ion Engine destroyed. 01481_ The unstable cave ceiling collapses. 01481_ Lgt. Treads destroyed. 01481_ System corrupted by crushing effect (+3). 01481_ System corrupted by crushing effect (+4). Map ----- +----------------------------------------------------+ | | | | | | | | | | | ?????????????????????????????????????????????????? | | ?????????????????????????????????????????????????? | | ?????????????????????????????????????????????????? | | ?????????????????????????????????????????????????? | | ?????????????????????????????????????????????????? | | ?????????????????##??????????????????????????????? | | ????????????????? "##????????????????????????????? | | ????????????????? "????????????????????????????? | | ???????????????? " ????????????????????????????? | | ???????????????? " ????????????????????????????? | | ????????????????? " ????????????????????????????? | | ?????????????????" ????????????????????????????? | | ????????????????? ????????????????????????????? | | ??????????#####??# #????????????????????????????? | | ??????????# ?# #########????????????????????? | | ??????????# #!%# #????????????????????? | | ??????????# # # #????????????????????? | | ??????????# %aa ??######?????????????? | | ??????????# # ### # ##????????????? | | ??????????# % ## #????????????? | | ???????????####### aaaa@a # # #????????????? | | ?????????????????# aa #?????????????? | | ?????????????????##### aa #?????????????? | | ?????????????????????# ##?????????????? | | ?????????????????????# #??????????????? | | ?????????????????????# #??????????????? | | ?????????????????????# #??????????????? | | ?????????????????????# ######?????????? | | ?????????????????????# # ### #?????????? | | ?????????????????????## #?????????? | | ??????????????????????# #?????????? | | ??????????????????????### # ## ### #?????????? | | ???????????????????????? ## ##?????????? | | ??????????????????????? ## #??????????? | | ??????????????????????? ## #??????????? | | ??????????????????????# ## #??????????? | | ??????????????????????#### ## #???????#??? | | ????????######???????????# ## #??????????? | | ???????## #???????????########### #?######???? | | ???????# #??????????????## # #? #???? | | ???????# #??????????????# # # #???? | | ???????## #??????????????# # # #???? | | ????????## ##??????????????# #???? | | ?????????# #???????????????# # # #???? | | ?????????# #???????????????# # # #???? | +----------------------------------------------------+ Best States ------------- Heat Dissipation 25 Energy Generation 10 Energy Capacity 250 Matter Stores 300 Matter Capacity 300 Sight Range 16 Terrain Scan Range 16 Terrain Scan Density 10 Evasion (%) 50 Recoil Reduction 2 Item Schematics ----------------- None Robot Schematics ------------------ None Fabricated ------------ Nothing Repaired ---------- Nothing Studied --------- None Alien Tech Used ----------------- None Achievements -------------- Curiosity Killed The Cat Hunted Challenges ------------ None Game ------ Seed BombSigixPlatform Manual? 0 Play Time 00:08:36 Cumulative 14.0 hours Start 2026.09.24 @ 14:47:20 End 2026.09.24 @ 14:52:45 Sessions 0 Manual Loads 0 Difficulty Rogue Special Mode None Game No. 11 Rogue 11 Adventurer 0 Explorer 0 Win Type - Total 0 Types 0/0/0/0/0/0/0/0/0/0 Lore% 17 Gallery% 19 Achievement% 20 Wizard Run 0 Options --------- Layout 1 ASCII 0 Keyboard 1 Movement Vi Keybinds 0 Fullscreen 1 Font 24/Smallcaps Map View 50x35 Zoom Use 0% Tactical HUD 1 Map Filters NONE Filters NONE Steam 1 RUN: 1873ccf7-c0fc-4ab4-9fad-c14d9546103b